 Dungeon Crawl Stone Soup version 0.17-a0-1644-g9c114d1 (webtiles) character file.

798 PoeticJustice the Fighter (level 8, 0/68 HPs)
             Began as a Human Berserker on Aug 8, 2015.
             Was a Priest of Trog.
             Slain by a phantom (6 damage)
             ... on level 4 of the Dungeon.
             The game lasted 00:17:07 (3721 turns).

PoeticJustice the Fighter (Human Berserker)         Turns: 3721, Time: 00:17:07

Health: 0/68       AC:  9    Str: 20    XL:     8   Next: 13%
Magic:  8/8        EV:  8    Int:  7    God:    Trog [***...]
Gold:   237        SH:  0    Dex: 13    Spells: 0 memorised, 7 levels left

rFire  + . .     SeeInvis .     v - +4 spear
rCold  + . .     Clarity  .     o - +0 chain mail
rNeg   + . .     SustAt   +     (no shield)
rPois  +         Gourm    .     (no helmet)
rElec  +         Spirit   .     (no cloak)
rCorr  +         Warding  +     (no gloves)
rMut   .         Stasis   .     (no boots)
MR     ++...                    z - amulet of warding
Stlth  ..........               (no ring)
                                y - ring of sustain attributes

@: exhausted, resistant, regenerating, slowed, drained, very slow, very
resistant to hostile enchantments, extremely unstealthy
A: no striking features
a: Burn Spellbooks, Berserk, Trog's Hand, Renounce Religion


You were on level 4 of the Dungeon.
You worshipped Trog.
Trog was most pleased with you.
You were hungry.

You visited 1 branch of the dungeon, and saw 4 of its levels.

You collected 237 gold pieces.

Inventory:

Hand weapons
 a - a +0 spear
 f - a +0 spear of pain
 v - a +4 spear (weapon)
Missiles
 B - 2 javelins of returning (quivered)
Armour
 b - a +0 animal skin
 o - a +0 chain mail (worn)
Jewellery
 y - a ring of sustain attributes (left hand)
 z - an amulet of warding (around neck)
Scrolls
 d - 2 scrolls of remove curse {unknown}
 e - 2 scrolls of amnesia {unknown}
 h - a scroll of magic mapping {unknown}
 i - a scroll of fear {unknown}
 j - a scroll of fog {unknown}
 m - 6 scrolls of teleportation {unknown}
 p - 2 scrolls of identify {unknown}
 q - 4 scrolls of enchant weapon {unknown}
 s - a scroll of random uselessness {unknown}
Potions
 g - a potion of degeneration {unknown}
 k - a potion of might {unknown}
 l - a potion of curing {unknown}
 r - a potion of haste {unknown}
 u - a potion of agility {unknown}
 w - a potion of mutation {unknown}
Comestibles
 c - 2 bread rations
 t - 3 fruits
 x - 6 chunks of flesh
 A - a beef jerky


   Skills:
 * Level 8.0(7.7) Fighting
 - Level 3.0(2.7) Polearms
 + Level 4.5(4.2) Armour
 - Level 2.0(1.7) Dodging


You had 7 spell levels left.
You didn't know any spells.

Dungeon Overview and Level Annotations

Branches:
Dungeon (4/15)
 Temple: D:4-7

Altars:
Gozag
Kikubaaqudgha
Makhleb
Nemelex Xobeh
Zin


Message History

This raw flesh tastes terrible.
You are feeling hungry.
You continue eating. x2
Use which ability? (? or * to list)
Your skin crawls.
You feel resistant to hostile enchantments.
You feel slightly more hungry. The phantom hits you.
* * * LOW HITPOINT WARNING * * *
The phantom blinks!
You hit the phantom but do no damage.
The phantom is severely damaged.
The phantom hits you.
* * * LOW HITPOINT WARNING * * *
The phantom blinks!
The phantom hits you.
* * * LOW HITPOINT WARNING * * *
You hit the phantom.
The phantom is severely damaged.
The phantom hits you.
You die...

...#..#.............#
######.#.#.#.#......#
##.#.#.#.####......##
#.......#...........#
###.......#..........#
.......#...#..)......#
.........#..#........#
.........##..)..[....#
................@....#
.........##.....W....#
........###..........#
...#...## #.../......#
####..#####..$)......#
#......######).....#
#......# #......#
###...(..# #)..(..#
(..(.....# '.....$#


You could see a phantom.

Vanquished Creatures
  4 big kobolds (D:3)
  A giant frog (D:4)
  An orc wizard (D:4)
  2 worker ants (D:4)
  Natasha (twice) (D:3)
  8 gnolls
  6 adders
  An ooze (D:1)
  2 worms
  3 giant geckos
  5 orcs
  3 giant cockroaches (D:2)
  12 hobgoblins
  4 jackals
  33 kobolds
  A quokka (D:3)
  2 ball pythons
  7 bats
  6 giant newts
  8 goblins
  17 rats
128 creatures vanquished.

Vanquished Creatures (collateral kills)
  2 big kobolds (D:3)
  A gnoll (D:3)
  2 hobgoblins (D:3)
  2 kobolds (D:3)
7 creatures vanquished.

Grand Total: 135 creatures vanquished

Notes
Turn   | Place    | Note
--------------------------------------------------------------
     0 | D:1      | PoeticJustice the Human Berserker began the quest for the Orb.
     0 | D:1      | Reached XP level 1. HP: 18/18 MP: 1/1
   105 | D:1      | Reached XP level 2. HP: 16/24 MP: 2/2
   467 | D:1      | Reached skill level 4 in Fighting
   467 | D:1      | Reached XP level 3. HP: 25/30 MP: 3/3
   775 | D:1      | Acquired Trog's second power
  1373 | D:2      | Found an ancient bone altar of Kikubaaqudgha.
  1373 | D:2      | Found a glowing silver altar of Zin.
  1391 | D:2      | Found a burning altar of Makhleb.
  1457 | D:2      | Reached XP level 4. HP: 36/38 MP: 4/4
  1631 | D:2      | Reached skill level 5 in Fighting
  2045 | D:3      | Reached XP level 5. HP: 37/44 MP: 5/5
  2199 | D:3      | Found an opulent altar of Gozag.
  2404 | D:3      | Noticed a big kobold
  2420 | D:3      | Killed a big kobold
  2420 | D:3      | Reached XP level 6. HP: 52/52 MP: 6/6
  2529 | D:3      | Acquired Trog's third power
  2579 | D:3      | Noticed a big kobold
  2609 | D:3      | Killed a big kobold
  2609 | D:3      | Reached skill level 6 in Fighting
  2625 | D:3      | Noticed a big kobold
  2658 | D:3      | Killed a big kobold
  2671 | D:3      | Noticed a big kobold
  2699 | D:3      | Noticed a big kobold
  2710 | D:3      | Reached XP level 7. HP: 43/59 MP: 7/7
  2715 | D:3      | Killed a big kobold
  2727 | D:3      | Noticed a big kobold
  2752 | D:3      | Reached skill level 7 in Fighting
  2761 | D:3      | Killed a big kobold
  2762 | D:3      | Killed a big kobold
  2836 | D:3      | Noticed Natasha
  2843 | D:3      | Killed Natasha
  2846 | D:3      | Found a sparkling altar of Nemelex Xobeh.
  3191 | D:3      | Noticed Natasha
  3198 | D:3      | Killed Natasha
  3578 | D:4      | Reached XP level 8. HP: 27/68 MP: 8/8
  3638 | D:4      | Received a gift from Trog
  3651 | D:4      | HP: 4/102 [gnoll (5)]
  3688 | D:4      | Reached skill level 8 in Fighting
  3721 | D:4      | Slain by a phantom

Vault maps used:
D:1:      dpeg_arrival_central, serial_forest, infiniplex_forest_clump_tiny,
          infiniplex_forest_clump_medium, infiniplex_forest_clump_long,
          infiniplex_forest_lined_4_way, infiniplex_forest_lined_2,
          infiniplex_forest_clump_small, infiniplex_forest_clump_double,
          infiniplex_forest_zigzag_2, infiniplex_forest_clump_long,
          minmay_rat_gold_closets
D:2:      overflow_temple_1_default, gammafunk_temple_overflow_elements,
          grunt_ministairs_9
D:3:      minmay_goblin_kobold_castle, nemelex_altar_shiori,
          overflow_temple_1_default, first_bread, uniq_natasha
D:4:      cheibriados_altar_wand_db, hangedman_abyss_or_decor_slice

Action                   |  1- 3 |  4- 6 |  7- 9 || total
-------------------------+-------+-------+-------++-------
Melee: Spear             |   155 |   317 |   156 ||   628
Invok: Berserk           |       |     5 |     2 ||     7
       Trog's Hand       |       |       |     7 ||     7
       Brothers in Arms  |       |       |     1 ||     1
  Use: Potion            |       |       |     1 ||     1
 Stab: Sleeping          |     6 |       |       ||     6
  Eat: Chunk             |     1 |     8 |     3 ||    12
       Pizza             |       |     1 |       ||     1
       Bread ration      |       |       |     1 ||     1
